 Dungeon Crawl Stone Soup version 0.30-a0-170-g85af917532 (webtiles) character file.

Game seed: 9908964548517299054

61 qw the Chopper (level 4, 0/28 HPs)
             Began as a Gargoyle Fighter on Sept 30, 2022.
             Slain by Grinder (2 damage)
             ... on level 3 of the Dungeon.
             The game lasted 00:00:41 (1892 turns).

qw the Chopper (Gargoyle Fighter)                   Turns: 1892, Time: 00:00:41

Health: 0/28       AC: 13    Str: 22    XL:     4   Next: 7%
Magic:  4/4        EV:  8    Int:  8    God:
Gold:   130        SH:  8    Dex:  9    Spells: 3/3 levels left

rFire   . . .      SeeInvis .    Y - +0 war axe (flame)
rCold   . . .      Faith    .    i - +0 kite shield
rNeg    + . .      Spirit   .    b - +0 scale mail
rPois   inf        Reflect  .    (no helmet)
rElec   +          Harm     .    c - +1 cloak {Will+}
rCorr   .          Rampage  .    a - +0 pair of gloves
Will    +....                    (no boots)
Stlth   ..........               (no amulet)
HPRegen 0.09/turn                (no ring)
MPRegen 0.09/turn                (no ring)

@: no status effects
A: sickness immunity, AC +3, negative energy resistance 1, electricity
resistance, torment resistance 1, petrification resistance
a: no special abilities


You were on level 3 of the Dungeon.
You visited 1 branch of the dungeon, and saw 3 of its levels.

You collected 130 gold pieces.


Innate Abilities, Weirdness & Mutations

You are immune to sickness and miasma.
Your stone body is resilient. (AC +3)
You are immune to poison.
You resist negative energy. (rN+)
You are resistant to electric shocks. (rElec)
You are resistant to unholy torment.
You are immune to petrification.


   Skills:
 - Level 3.2 Fighting
 - Level 3.7 Axes
 - Level 3.2 Armour
 + Level 3.4 Shields


You had 3 spell levels left.
You didn't know any spells.
Your spell library was empty.

Inventory:

Hand Weapons
 Y - a +0 war axe of flaming (weapon)
Armour
 a - a +0 pair of gloves (worn)
 b - a +0 scale mail (worn)
 c - a +1 cloak of willpower (worn)
 i - a +0 kite shield (worn)
Potions
 d - a potion of might
 f - a potion of degeneration {unknown}
 h - a potion of magic {unknown}

Dungeon Overview and Level Annotations

Branches:
Dungeon (3/15)

Altars:

Annotations:
D:3 Grinder


Message History

Grinder hits you.
You writhe in agony.
Grinder gestures at you.
You easily resist.
You hit Grinder. You burn Grinder.
Grinder is lightly wounded.
Grinder completely misses you. Grinder hits you but does no damage.
You closely miss Grinder.
Grinder is lightly wounded.
Grinder barely misses you.
You hit Grinder. You burn Grinder.
Grinder is lightly wounded.
Grinder gestures at you.
You easily resist.
Grinder blinks!
You hit Grinder. You burn Grinder.
Grinder is moderately wounded.
Grinder barely misses you.
You closely miss Grinder.
Grinder is moderately wounded.
Grinder gestures at you. Pain shoots through your body!
You hit Grinder. You burn Grinder.
Grinder is moderately wounded.
You block Grinder's attack. Grinder hits you.
You completely miss Grinder.
Grinder is moderately wounded.
You block Grinder's attack.
You hit Grinder. You burn Grinder.
Grinder is heavily wounded.
Grinder gestures at you.
You suddenly lose the ability to move!
Grinder hits you but does no damage.
Grinder says, "Tell me all your secrets, or I'll kill you."
Grinder hits you.
You can move again.
You hit Grinder. You burn Grinder.
Grinder is heavily wounded.
Grinder completely misses you.
You closely miss Grinder.
Grinder is heavily wounded.
Grinder hits you.
You writhe in agony.
You die...

#.#.##...#
#......#.######
...#.##.........
......(...#.##.#
....[....##.##.#
.....###.# ... #
...#.
#.##.##.##. .. .
#........"? # .
##.@......) #.
#.5.....##
#..####.# #..# #
#..# #..# #..#
...#


You could see Grinder.

Vanquished Creatures
  An adder (D:2)
  An ufetubus (D:2)
  2 worms
  2 bats (D:2)
  5 endoplasms
  5 giant cockroaches
  8 goblins
  4 hobgoblins
  2 kobolds
  A ball python (D:2)
  A frilled lizard (D:2)
  4 rats
36 creatures vanquished.

Notes
Turn   | Place    | Note
-------+----------+-------------------------------------------
     0 | D:1      | qw the Gargoyle Fighter began the quest for the Orb.
     0 | D:1      | Reached XP level 1. HP: 14/14 MP: 1/1
     0 | D:1      | 0 ||| qw: Version: 0.2-a-12-gaebbb33
     0 | D:1      | 0 ||| qw: Game counter: 1478
     0 | D:1      | 0 ||| qw: Always use a shield: true
     0 | D:1      | 0 ||| qw: God list: Okawaru
     0 | D:1      | 0 ||| qw: Allow faded altars: false
     0 | D:1      | 0 ||| qw: Do Orc after D:15 true
     0 | D:1      | 0 ||| qw: Do second Lair branch before Depths: true
     0 | D:1      | 0 ||| qw: Lair rune preference: random
     0 | D:1      | 0 ||| qw: Plans: Normal, Zot:1-4, God:TSO, Crypt, Tomb,
                  | Pan, Slime:5, Hells, Abyss, Orb
     0 | D:1      | 0 ||| PLANNING D:1-11
   319 | D:1      | Reached XP level 2. HP: 16/19 MP: 2/2
   767 | D:1      | 767 ||| READING scroll labelled UMIFOIMNIS.
   786 | D:2      | 786 ||| STAIRDANCE
   910 | D:2      | Reached skill level 3 in Axes
   911 | D:2      | Reached XP level 3. HP: 13/23 MP: 3/3
  1162 | D:2      | Found a faded altar of an unknown god.
  1792 | D:2      | 1792 ||| UPGRADING to +0 pair of gloves.
  1797 | D:2      | 1797 ||| UPGRADING to +0 kite shield.
  1807 | D:2      | 1807 ||| DROPPING +0 buckler.
  1808 | D:2      | 1808 ||| READING scroll labelled OCLESTECZANN.
  1809 | D:2      | 1809 ||| DROPPING +0 club.
  1810 | D:2      | 1810 ||| READING scroll labelled VAPIBB ATUOL.
  1811 | D:2      | 1811 ||| READING scroll labelled ORUCATW BEIM.
  1812 | D:2      | 1812 ||| READING scroll labelled NYTRIE GYLUMO.
  1812 | D:2      | Identified a scroll of acquirement
  1812 | D:2      | 1812 ||| ACQUIRING +1 cloak of willpower
  1812 | D:2      | Acquired a +1 cloak of willpower
  1814 | D:2      | 1814 ||| UPGRADING to +1 cloak of willpower.
  1819 | D:2      | 1819 ||| READING scroll labelled CIOFIL WOGRAAG.
  1860 | D:3      | Reached XP level 4. HP: 28/28 MP: 4/4
  1866 | D:3      | 1866 ||| Stepping ~*~*~tactically~*~*~ (stealth).
  1875 | D:3      | Noticed Grinder
  1889 | D:3      | Paralysed by Grinder for 2 turns
  1890 | D:3      | HP: 4/28 [Grinder (4)]
  1892 | D:3      | Slain by Grinder

Levels and vault maps discovered:
D:1:      dpeg_arrival_shrine, layout_basic, minmay_misc_feat_columns,
          nrook_campfire, minivault_24, chequers_serial_rivers_small_b
D:2:      layout_loops_ring, shapermc_ecumenical_altar_starsandcircs,
          minmay_tetromino_l4
D:3:      layout_loops_cross, uniq_terence, uniq_grinder, uniq_sigmund

Skill      XL: |  1  2 |
---------------+-------+-----
Axes           | 2 3 |  3.7
Fighting       | |  3.2
Armour         | |  3.2
Shields        | |  3.4

Action                   |  1- 3 |  4- 6 || total
-------------------------+-------+-------++-------
Melee: War axe           |   103 |    17 ||   120
  Use: Scroll            |     6 |       ||     6
Armor: Scale mail        |    57 |     4 ||    61
Dodge: Dodged            |    54 |     5 ||    59
Block: Buckler           |    18 |       ||    18
       Kite shield       |     3 |     3 ||     6

Table legend:
 A = Non-vault XP
 B = Vault XP
 C = Vault XP percentage of total XP
 D = Non-vault monster count
 E = Vault monster count
 F = Vault count percentage of total count
                 A         B        C        D         E       F
            +---------+---------+-------+---------+---------+-------
      Total |      84 |       4 |   4.5 |      33 |       3 |   8.3
            +---------+---------+-------+---------+---------+-------
        D:1 |      25 |       0 |   0.0 |      13 |       0 |   0.0
        D:2 |      52 |       4 |   7.1 |      18 |       3 |  14.3
        D:3 |       7 |       0 |   0.0 |       2 |       0 |   0.0
            +---------+---------+-------+---------+---------+-------
